 Dungeon Crawl Stone Soup version 0.31-a0-1074-g0b22e4e0f1 (webtiles) character file.

Game seed: 14871290030671468269

154 CowFu the Changeling (level 5, -1/37 HPs)
             Began as a Human Shapeshifter on Dec 2, 2023.
             Slain by a sleepcap (7 damage)
             ... on level 3 of the Dungeon.
             The game lasted 00:02:39 (2480 turns).

CowFu the Changeling (Human Shapeshifter)           Turns: 2480, Time: 00:02:40

Health: -1/37      AC:  6    Str: 16    XL:     5   Next: 63%
Magic:  5/5        EV: 10    Int: 10    God:
Gold:   75         SH:  7    Dex: 13    Spells: 4/4 levels left

rFire   + .          .
                       - Unarmed
rCold   x . .        s - +0 kite shield
rNeg    . . .        a - +0 animal skin
rPois   .            (helmet currently unavailable)
rElec   .            (cloak currently unavailable)
rCorr   .            (gloves currently unavailable)
SInv    .            (boots currently unavailable)
Will    .....        (no amulet)
Stlth   +            f - +4 ring of protection
HPRegen 0.26/turn    h - ring of fire
MPRegen 0.09/turn

%: no passive effects
@: beast-form
A: beast (slay +3)
a: Begin Untransformation


You were on level 3 of the Dungeon.
You were a hulking beast.
You visited 1 branch of the dungeon, and saw 3 of its levels.

You collected 125 gold pieces.
You spent 50 gold pieces at shops.

Inventory:

Hand Weapons
 b - a +2 dagger of draining
Armour
 a - a +0 animal skin (worn)
 s - a +0 kite shield (worn)
Jewellery
 f - a +4 ring of protection (left hand)
 h - a ring of fire (right hand)
Talismans
 c - a beast talisman
 d - a flux talisman
Wands
 p - a wand of paralysis (5)
Scrolls
 e - a scroll of enchant armour {unknown}
 l - a scroll of torment {unknown}
 n - a scroll of noise {unknown}
 t - a scroll of revelation {unknown}
 v - a scroll of teleportation
Potions
 g - a potion of heal wounds
 i - a potion of lignification
 j - a potion of mutation
 m - a potion of ambrosia
 o - a potion of enlightenment {unknown}
 q - a potion of brilliance {unknown}
 r - 2 potions of curing {unknown}
 u - a potion of resistance {unknown}


   Skills:
 + Level 1.0 Fighting
 + Level 0.0 Armour
 + Level 2.0 Dodging
 + Level 0.1 Shields
 + Level 3.0 Unarmed Combat
 + Level 5.5 Shapeshifting


You had 4 spell levels left.
You didn't know any spells.
Your spell library contained the following spells:

 Spells                   Type           Power      Damage    Failure   Level
 Dazzling Flash           Conj/Hex       0%         N/A       98%         3
 Volatile Blastmotes      Fire/Tloc      0%         2d10      98%         3
 Starburst                Conj/Fire      0%         6d3       100%        6
 Maxwell's Capacitive Co  Air            0%         ∞         100%        8


Dungeon Overview and Level Annotations

Branches:
Dungeon (3/15)

Altars:
Yredelemnul

Shops:
D:3 *

Annotations:
D:3 1 transporter, Menkaure


Message History

You are unaffected.
You hit the sleepcap.
The sleepcap is heavily damaged.
The sleepcap releases spores at you but does no damage.
You hit the sleepcap but do no damage.
The sleepcap is heavily damaged.
The sleepcap releases spores at you but does no damage.
The sleepcap misses you.
You hit the sleepcap but do no damage.
The sleepcap is heavily damaged.
The sleepcap releases spores at you but does no damage.
You hit the sleepcap but do no damage.
The sleepcap is heavily damaged.
You block the sleepcap's attack.
You hit the sleepcap.
The sleepcap is heavily damaged.
The sleepcap releases spores at you.
You hit the sleepcap but do no damage.
The sleepcap is heavily damaged.
The sleepcap releases spores at you.
You are engulfed in a cloud of soporific spores!
You fall asleep.
The sleepcap releases spores at you!
You wake up.
You hit the sleepcap but do no damage.
The sleepcap is heavily damaged.
You block the sleepcap's attack.
You hit the sleepcap.
The sleepcap is heavily damaged.
You block the sleepcap's attack.
You hit the sleepcap.
The sleepcap is heavily damaged.
The sleepcap releases spores at you!
* * * LOW HITPOINT WARNING * * *
Unknown command.
You hit the sleepcap.
The sleepcap is severely damaged.
The sleepcap releases spores at you.
* * * LOW HITPOINT WARNING * * *
The sleepcap releases spores at you!
You die...

......# #...#.....##)
.......###.........##.
.......'....#.........
.......###............
............#..#.#.##.
........##.##..#.#.##.
..#...#.##.##.........
#.###.##.###...#.##.
#.fh................
.......###.#..........#.
....... ....#####...#.
###.##. .#.........)#.
.. .. .#..####....#. ##
## .# ... #...... .# .##
#....## #...... .#....#
#....##


You could see a sleepcap.

Vanquished Creatures
  An orc priest (D:3)
  Terence (D:2)
  An adder (D:2)
  2 worms
  4 dart slugs
  3 orcs (D:3)
  6 ball pythons
  6 endoplasms
  4 giant cockroaches
  4 goblins
  3 hobgoblins
  3 jackals (D:1)
  7 kobolds
  5 quokkas
  7 bats
  9 frilled lizards
  3 rats
69 creatures vanquished.

Notes
Turn   | Place    | Note
-------+----------+-------------------------------------------
     0 | D:1      | CowFu the Human Shapeshifter began the quest for the Orb.
     0 | D:1      | Reached XP level 1. HP: 15/15 MP: 1/1
   118 | D:1      | Reached XP level 2. HP: 21/21 MP: 2/2
   557 | D:1      | Reached XP level 3. HP: 25/25 MP: 3/3
   608 | D:1      | Reached skill level 4 in Shapeshifting
  1138 | D:2      | Noticed Terence
  1148 | D:2      | Killed Terence
  1149 | D:2      | Reached XP level 4. HP: 29/32 MP: 4/4
  1539 | D:2      | Reached skill level 5 in Shapeshifting
  1799 | D:2      | Reached XP level 5. HP: 37/37 MP: 5/5
  2055 | D:3      | Found Peujedom's General Store.
  2064 | D:3      | Bought a scroll of teleportation for 30 gold pieces
  2064 | D:3      | Bought a scroll of identify for 20 gold pieces
  2102 | D:3      | Found a basalt altar of Yredelemnul.
  2103 | D:3      | Noticed Menkaure
  2122 | D:3      | Found a transporter.
  2480 | D:3      | Slain by a sleepcap

Illustrated notes

Levels and vault maps discovered:
D:1:      minmay_arrival_glassed_features, layout_basic, minmay_lizard_pond
D:2:      cheibrodos_helix_gallery, layout_loops_corners, uniq_terence
D:3:      layout_basic, gammafunk_temple_of_torment, serial_shops, shop,
          st_stairs_7

Skill      XL: |  1  2  3  4 |
---------------+-------------+-----
Shapeshifting  | 4 5 |  5.5
Fighting       | |  1.0
Dodging        | |  2.0
Shields        | |  0.1
Unarmed Combat | |  3.0

Action                     |  1- 3 |  4- 6 || total
---------------------------+-------+-------++-------
  Melee: Unarmed           |    48 |    52 ||   100
         Punch             |     2 |     1 ||     3
         Dagger            |    26 |    40 ||    66
    Use: Scroll            |       |     3 ||     3
   Stab: Sleeping          |       |     3 ||     3
 Armour: Animal skin       |    37 |    46 ||    83
  Dodge: Dodged            |    37 |    41 ||    78
  Block: Kite shield       |       |    19 ||    19

Table legend: (Time is in decaauts)
 A = Elapsed time spent in this place.
 B = Non-inter-level travel time spent in this place.
 C = Inter-level travel time spent in this place.
 D = Time resting spent in this place.
 E = Time spent auto-exploring this place.
 F = Levels seen in this place.
 G = Mean time per level.
                   A        B        C        D        E       F      G
               +--------+--------+--------+--------+--------+-----+--------+
         Total |   2484 |   2400 |     84 |      0 |   1986 |   3 |  828.0 |
       Dungeon |   2484 |   2400 |     84 |      0 |   1986 |   3 |  828.0 |
               +--------+--------+--------+--------+--------+-----+--------+

Top non-repeatable levels by time:
     D:1: 1025 daAuts
     D:2: 968 daAuts
     D:3: 489 daAuts
